TOP OF THE 1ST |
---|
St. Louis Browns batting - Pitching for Baffin Island Beavers : RHP Jesse Little | Pitching: RHP Jesse Little | | Batting: RHB Javier Martínez | 0-0: Fly out, F3 (Popup, 23F) | Batting: LHB Miguel Medellín | 0-0: Ball 1-0: Fly out, F6 (Line Drive, 6) | Batting: RHB Vicente Valentín | 0-0: Called Strike 0-1: Fly out, F3 (Popup, 3S) | Top of the 1st over - 0 runs, 0 hits, 0 errors, 0 left on base; St. Louis 0 - Baffin Island 0 | BOTTOM OF THE 1ST |
---|
Baffin Island Beavers batting - Pitching for St. Louis Browns : RHP Scott Walker | Pitching: RHP Scott Walker | | Batting: RHB Alden Isenhood | 0-0: Called Strike 0-1: Ground out 6-3 (Groundball, 6) | Batting: SHB Alonso Ferreira | 0-0: Ground out 3-1 (Groundball, 34S) | Batting: RHB Dave Craig | 0-0: Ball 1-0: Fly out, F8 (Flyball, 8LS) | Bottom of the 1st over - 0 runs, 0 hits, 0 errors, 0 left on base; St. Louis 0 - Baffin Island 0 | TOP OF THE 2ND |
---|
St. Louis Browns batting - Pitching for Baffin Island Beavers : RHP Jesse Little | Batting: SHB David Johnstone | 0-0: Fly out, F9 (Flyball, 89M) | Batting: RHB Carlos Alfaro | 0-0: Called Strike 0-1: Foul Ball, location: 2F 0-2: Ball 1-2: Foul Ball, location: 2F 1-2: Foul Ball, location: 2F 1-2: Ball 2-2: SINGLE (Line Drive, 56) | Batting: LHB Dave Watson | 0-0: Ground out 4-3 (Groundball, 34D) Carlos Alfaro to second | Batting: LHB Junior Coates | 0-0: SINGLE (Groundball, 34D) Carlos Alfaro to third Runner from 3rd tries for Home, SAFE, throw made home | Batting: RHB Anthony Rucker | 0-0: Foul Ball, location: 2F 0-1: Foul Ball, location: 2F 0-2: Strikes out looking | Top of the 2nd over - 1 run, 2 hits, 0 errors, 1 left on base; St. Louis 1 - Baffin Island 0 | BOTTOM OF THE 2ND |
---|
Baffin Island Beavers batting - Pitching for St. Louis Browns : RHP Scott Walker | Batting: RHB Tony Morton | 0-0: Ball 1-0: Ball 2-0: Called Strike 2-1: Called Strike 2-2: SINGLE (Flyball, 7S) | Batting: LHB Howard Evans | 0-0: Ball 1-0: Called Strike 1-1: Ball 2-1: Ground out U3 (Groundball, 34S) Tony Morton to second | Batting: LHB Lorenzo Villa | 0-0: Ball 1-0: Ball 2-0: Foul Ball, location: 2F 2-1: Ball 3-1: Swinging Strike 3-2: Base on Balls | Batting: RHB Pedro Molina | 0-0: Ball 1-0: Called Strike 1-1: Foul Ball, location: 2F 1-2: Ball 2-2: Fly out, F8 (Line Drive, 8LXD) Runner from 2nd tags up, SAFE at 3rd, no throw | Batting: RHB Alberto Hernández | 0-0: Foul Ball, location: 2F 0-1: SINGLE (Flyball, 8LS) Tony Morton scores Lorenzo Villa to second | Batting: RHB Lawrence Yates | 0-0: Ground out U3 (Groundball, 34) | Bottom of the 2nd over - 1 run, 2 hits, 0 errors, 2 left on base; St. Louis 1 - Baffin Island 1 | TOP OF THE 3RD |
---|
St. Louis Browns batting - Pitching for Baffin Island Beavers : RHP Jesse Little | Batting: RHB Jeff Jones | 0-0: Called Strike 0-1: Ball 1-1: Ball 2-1: Foul Ball, location: 2F 2-2: Strikes out swinging | Batting: RHB Javier Martínez | 0-0: Ball 1-0: Ball 2-0: Ball 3-0: Base on Balls | Batting: LHB Miguel Medellín | 0-0: Ball 1-0: Ball Javier Martínez steals 2nd base 2-0: Foul Ball, location: 2F 2-1: Foul Ball, location: 2F 2-2: Ball 3-2: Strikes out swinging | Batting: RHB Vicente Valentín | 0-0: Called Strike 0-1: Foul Ball, location: 2F 0-2: Ball 1-2: Strikes out swinging | Top of the 3rd over - 0 runs, 0 hits, 0 errors, 1 left on base; St. Louis 1 - Baffin Island 1 | BOTTOM OF THE 3RD |
---|
Baffin Island Beavers batting - Pitching for St. Louis Browns : RHP Scott Walker | Batting: RHB Alden Isenhood | 0-0: Foul Ball, location: 2F 0-1: Ball 1-1: Foul Ball, location: 2F 1-2: Ball 2-2: Ground out 5-3 (Groundball, 56) | Batting: SHB Alonso Ferreira | 0-0: Swinging Strike 0-1: Ball 1-1: Foul Ball, location: 2F 1-2: Ball 2-2: Foul Ball, location: 2F 2-2: Foul Ball, location: 2F 2-2: Fly out, F7 (Flyball, 7) | Batting: RHB Dave Craig | 0-0: Ball 1-0: Foul Ball, location: 2F 1-1: Swinging Strike 1-2: Foul Ball, location: 2F 1-2: Strikes out swinging | Bottom of the 3rd over - 0 runs, 0 hits, 0 errors, 0 left on base; St. Louis 1 - Baffin Island 1 | TOP OF THE 4TH |
---|
St. Louis Browns batting - Pitching for Baffin Island Beavers : RHP Jesse Little | Batting: SHB David Johnstone | 0-0: Fly out, F4 (Flyball, 34D) | Batting: RHB Carlos Alfaro | 0-0: Ball 1-0: Ground out 6-3 (Groundball, 56) | Batting: LHB Dave Watson | 0-0: Ground out 4-3 (Groundball, 34D) | Top of the 4th over - 0 runs, 0 hits, 0 errors, 0 left on base; St. Louis 1 - Baffin Island 1 | BOTTOM OF THE 4TH |
---|
Baffin Island Beavers batting - Pitching for St. Louis Browns : RHP Scott Walker | Batting: RHB Tony Morton | 0-0: Called Strike 0-1: Ground out 6-3 (Groundball, 6M) | Batting: LHB Howard Evans | 0-0: Ball 1-0: Ball 2-0: Ball 3-0: Called Strike 3-1: Swinging Strike 3-2: Base on Balls | Batting: LHB Lorenzo Villa | 0-0: Ball 1-0: Ball 2-0: Foul Ball, location: 2F 2-1: Grounds into double play, U6-3 (Groundball, 4M) | Bottom of the 4th over - 0 runs, 0 hits, 0 errors, 0 left on base; St. Louis 1 - Baffin Island 1 | TOP OF THE 5TH |
---|
St. Louis Browns batting - Pitching for Baffin Island Beavers : RHP Jesse Little | Batting: LHB Junior Coates | 0-0: Ball 1-0: Swinging Strike 1-1: Fly out, F7 (Flyball, 7LM) | Batting: RHB Anthony Rucker | 0-0: Foul Ball, location: 2F 0-1: Ball 1-1: Foul Ball, location: 2F 1-2: Fly out, F7 (Flyball, 78M) | Batting: RHB Jeff Jones | 0-0: Ball 1-0: Ball 2-0: Foul Ball, location: 2F 2-1: Foul Ball, location: 2F 2-2: Strikes out swinging | Top of the 5th over - 0 runs, 0 hits, 0 errors, 0 left on base; St. Louis 1 - Baffin Island 1 | BOTTOM OF THE 5TH |
---|
Baffin Island Beavers batting - Pitching for St. Louis Browns : RHP Scott Walker | Batting: RHB Pedro Molina | 0-0: Ball 1-0: Fly out, F8 (Flyball, 8RS) | Batting: RHB Alberto Hernández | 0-0: SINGLE (Line Drive, 8LS) | Batting: RHB Lawrence Yates | 0-0: Ball 1-0: Ball 2-0: Called Strike 2-1: Foul Ball, location: 2F 2-2: Ball 3-2: Fly out, F9 (Flyball, 89D) | Batting: RHB Alden Isenhood | 0-0: Called Strike 0-1: Called Strike 0-2: Ball Alberto Hernández steals 2nd base 1-2: Ball 2-2: Strikes out swinging | Bottom of the 5th over - 0 runs, 1 hit, 0 errors, 1 left on base; St. Louis 1 - Baffin Island 1 | TOP OF THE 6TH |
---|
St. Louis Browns batting - Pitching for Baffin Island Beavers : RHP Jesse Little | Batting: RHB Javier Martínez | 0-0: Foul Ball, location: 2F 0-1: Swinging Strike 0-2: Foul Ball, location: 2F 0-2: Ball 1-2: Ball 2-2: Strikes out swinging | Batting: LHB Miguel Medellín | 0-0: Fly out, F4 (Line Drive, 4) | Batting: RHB Vicente Valentín | 0-0: Ball 1-0: SOLO HOME RUN (Flyball, 7D), Distance : 412 ft | Batting: SHB David Johnstone | 0-0: SINGLE (Groundball, 4D) | Batting: RHB Carlos Alfaro | 0-0: Ball 1-0: Called Strike 1-1: Ball 2-1: Fly out, F7 (Flyball, 7) | Top of the 6th over - 1 run, 2 hits, 0 errors, 1 left on base; St. Louis 2 - Baffin Island 1 | BOTTOM OF THE 6TH |
---|
Baffin Island Beavers batting - Pitching for St. Louis Browns : RHP Scott Walker | Batting: SHB Alonso Ferreira | 0-0: Called Strike 0-1: Ball 1-1: Swinging Strike 1-2: Ground out 5-3 (Groundball, 56) | Batting: RHB Dave Craig | 0-0: Swinging Strike 0-1: Ball 1-1: Ball 2-1: Foul Ball, location: 2F 2-2: Ball 3-2: Foul Ball, location: 2F 3-2: SOLO HOME RUN (Flyball, 9D), Distance : 425 ft | Batting: RHB Tony Morton | 0-0: SINGLE (Groundball, 4MD) | Batting: LHB Howard Evans | 0-0: Called Strike Tony Morton steals 2nd base 0-1: Ground out U3 (Groundball, 3) Tony Morton to third | Batting: LHB Lorenzo Villa | 0-0: Ball 1-0: Ball 2-0: Called Strike 2-1: Foul Ball, location: 2F 2-2: Foul Ball, location: 2F 2-2: Ball 3-2: Foul Ball, location: 2F 3-2: Base on Balls | Batting: RHB Pedro Molina | 0-0: Fielders Choice at 2nd, 6-4 (Groundball, 6) | Bottom of the 6th over - 1 run, 2 hits, 0 errors, 2 left on base; St. Louis 2 - Baffin Island 2 | TOP OF THE 7TH |
---|
St. Louis Browns batting - Pitching for Baffin Island Beavers : RHP Jesse Little | Batting: LHB Dave Watson | 0-0: Ball 1-0: Called Strike 1-1: Swinging Strike 1-2: Strikes out swinging | Batting: LHB Junior Coates | 0-0: Ball 1-0: Fly out, F7 (Line Drive, 7S) | Batting: RHB Anthony Rucker | 0-0: Called Strike 0-1: Called Strike 0-2: Ball 1-2: Foul Ball, location: 2F 1-2: Fly out, F8 (Flyball, 8RD) | Top of the 7th over - 0 runs, 0 hits, 0 errors, 0 left on base; St. Louis 2 - Baffin Island 2 | BOTTOM OF THE 7TH |
---|
Baffin Island Beavers batting - Pitching for St. Louis Browns : RHP Scott Walker | Pitching: RHP António Ramos | | Batting: RHB Alberto Hernández | 0-0: Called Strike 0-1: Ball 1-1: Foul Ball, location: 2F 1-2: SINGLE (Flyball, 9S) | Batting: RHB Lawrence Yates | | Pinch Hitting: LHB Eric Wheeler | 0-0: Sac Bunt - play at first, batter OUT! 2-4 Alberto Hernández to second | Batting: RHB Alden Isenhood | 0-0: Called Strike 0-1: Called Strike 0-2: Ball Wild Pitch! Alberto Hernández to third 1-2: Ground out 5-3 (Groundball, 56) | Batting: SHB Alonso Ferreira | 0-0: Called Strike 0-1: Ball 1-1: Foul Ball, location: 2F 1-2: Ball 2-2: Foul Ball, location: 2F 2-2: Ball 3-2: Ground out 5-3 (Groundball, 56) | Bottom of the 7th over - 0 runs, 1 hit, 0 errors, 1 left on base; St. Louis 2 - Baffin Island 2 | TOP OF THE 8TH |
---|
St. Louis Browns batting - Pitching for Baffin Island Beavers : RHP Jesse Little | Now in LF: César Valentín | | Pinch Hitting: LHB Robin Hill | 0-0: Called Strike 0-1: Called Strike 0-2: Strikes out swinging | Batting: RHB Javier Martínez | 0-0: Ground out 6-3 (Groundball, 6) | Batting: LHB Miguel Medellín | 0-0: Foul Ball, location: 2F 0-1: Ground out U3 (Groundball, 3) | Top of the 8th over - 0 runs, 0 hits, 0 errors, 0 left on base; St. Louis 2 - Baffin Island 2 | BOTTOM OF THE 8TH |
---|
Baffin Island Beavers batting - Pitching for St. Louis Browns : RHP António Ramos | Now at 3B: Domingo Romero | | Batting: RHB Dave Craig | 0-0: Foul Ball, location: 2F 0-1: Ground out U3 (Groundball, 23) | Batting: RHB Tony Morton | 0-0: Ball 1-0: Ball 2-0: Called Strike 2-1: Foul Ball, location: 2F 2-2: Foul Ball, location: 2F 2-2: Ground out 4-3 (Groundball, 4) | Batting: LHB Howard Evans | 0-0: Ball 1-0: Ball 2-0: Foul Ball, location: 2F 2-1: Ball 3-1: Ground out 4-3 (Groundball, 4) | Bottom of the 8th over - 0 runs, 0 hits, 0 errors, 0 left on base; St. Louis 2 - Baffin Island 2 | TOP OF THE 9TH |
---|
St. Louis Browns batting - Pitching for Baffin Island Beavers : RHP Jesse Little | Pitching: RHP Tony Rocha | | Batting: RHB Vicente Valentín | 0-0: Foul Ball, location: 2F 0-1: Swinging Strike 0-2: Strikes out swinging | Batting: SHB David Johnstone | 0-0: Ball 1-0: Ball 2-0: Ground out 6-3 (Groundball, 6) | Batting: RHB Carlos Alfaro | 0-0: Ball 1-0: Ball 2-0: Swinging Strike 2-1: Fly out, F8 (Flyball, 8RXD) | Top of the 9th over - 0 runs, 0 hits, 0 errors, 0 left on base; St. Louis 2 - Baffin Island 2 | BOTTOM OF THE 9TH |
---|
Baffin Island Beavers batting - Pitching for St. Louis Browns : RHP António Ramos | Batting: LHB Lorenzo Villa | 0-0: Foul Ball, location: 2F 0-1: Called Strike 0-2: Ball 1-2: Fly out, F7 (Line Drive, 7S) | Batting: RHB Pedro Molina | 0-0: Called Strike 0-1: Foul Ball, location: 2F 0-2: Strikes out looking | Batting: RHB Alberto Hernández | 0-0: Ground out 6-3 (Groundball, 6) | Bottom of the 9th over - 0 runs, 0 hits, 0 errors, 0 left on base; St. Louis 2 - Baffin Island 2 | TOP OF THE 10TH |
---|
St. Louis Browns batting - Pitching for Baffin Island Beavers : RHP Tony Rocha | Batting: LHB Dave Watson | 0-0: Called Strike 0-1: Ball 1-1: Foul Ball, location: 2F 1-2: Ball 2-2: Strikes out swinging | Batting: LHB Junior Coates | 0-0: Ball 1-0: Foul Ball, location: 2F 1-1: Swinging Strike 1-2: Fly out, F7 (Flyball, 7) | Batting: RHB Anthony Rucker | 0-0: Ball 1-0: Ball 2-0: Ball 3-0: Called Strike 3-1: Base on Balls | Batting: RHB Domingo Romero | 0-0: Called Strike Anthony Rucker is caught stealing 2nd base | Top of the 10th over - 0 runs, 0 hits, 0 errors, 0 left on base; St. Louis 2 - Baffin Island 2 | BOTTOM OF THE 10TH |
---|
Baffin Island Beavers batting - Pitching for St. Louis Browns : RHP António Ramos | Batting: LHB César Valentín | 0-0: Ball 1-0: Foul Ball, location: 2F 1-1: Foul Ball, location: 2F 1-2: Ball 2-2: Ball 3-2: Ground out 4-3 (Groundball, 4S) | Batting: RHB Alden Isenhood | 0-0: Ball 1-0: Called Strike 1-1: Ground out 6-3 (Groundball, 56) | Batting: SHB Alonso Ferreira | 0-0: Ball 1-0: Foul Ball, location: 2F 1-1: Ground out U3 (Groundball, 23) | Bottom of the 10th over - 0 runs, 0 hits, 0 errors, 0 left on base; St. Louis 2 - Baffin Island 2 | TOP OF THE 11TH |
---|
St. Louis Browns batting - Pitching for Baffin Island Beavers : RHP Tony Rocha | Pitching: RHP Beau Brown | | Batting: RHB Domingo Romero | 0-0: Foul Ball, location: 2F 0-1: Ball 1-1: Ball 2-1: Swinging Strike 2-2: Strikes out swinging | Batting: RHB Javier Martínez | 0-0: Ball 1-0: Ground out 5-3 (Groundball, 56S) | Batting: LHB Miguel Medellín | 0-0: Called Strike 0-1: Ball 1-1: Swinging Strike 1-2: Ball 2-2: Foul Ball, location: 2F 2-2: Fly out, F6 (Popup, 6) | Top of the 11th over - 0 runs, 0 hits, 0 errors, 0 left on base; St. Louis 2 - Baffin Island 2 | BOTTOM OF THE 11TH |
---|
Baffin Island Beavers batting - Pitching for St. Louis Browns : RHP António Ramos | Batting: RHB Dave Craig | 0-0: Foul Ball, location: 2F 0-1: Foul Ball, location: 2F 0-2: Strikes out looking | Batting: RHB Tony Morton | 0-0: Ball 1-0: Called Strike 1-1: Ball 2-1: Called Strike 2-2: Ball 3-2: Ground out 5-3 (Groundball, 5S) | Batting: LHB Howard Evans | 0-0: Ball 1-0: Ball 2-0: Ball 3-0: Called Strike 3-1: Called Strike 3-2: Base on Balls | Pitching: LHP Enrique Muńóz | | Batting: LHB Lorenzo Villa | 0-0: Ball 1-0: Called Strike 1-1: Foul Ball, location: 2F 1-2: SINGLE (Groundball, 4) (infield hit) Howard Evans to second | Pitching: RHP Bob Cunningham | | Batting: RHB Pedro Molina | 0-0: Ball 1-0: Fly out, F6 (Popup, P) | Bottom of the 11th over - 0 runs, 1 hit, 0 errors, 2 left on base; St. Louis 2 - Baffin Island 2 | TOP OF THE 12TH |
---|
St. Louis Browns batting - Pitching for Baffin Island Beavers : RHP Beau Brown | Batting: RHB Vicente Valentín | 0-0: Called Strike 0-1: Called Strike 0-2: Strikes out swinging | Batting: SHB David Johnstone | 0-0: Called Strike 0-1: Ground out 5-3 (Groundball, 5S) | Batting: RHB Carlos Alfaro | 0-0: Swinging Strike 0-1: Ball 1-1: Ball 2-1: Foul Ball, location: 2F 2-2: Foul Ball, location: 2F 2-2: SINGLE (Flyball, 89M) | Batting: LHB Dave Watson | 0-0: Ball 1-0: Foul Ball, location: 2F 1-1: Ball 2-1: Ground out 4-3 (Groundball, 34) | Top of the 12th over - 0 runs, 1 hit, 0 errors, 1 left on base; St. Louis 2 - Baffin Island 2 | BOTTOM OF THE 12TH |
---|
Baffin Island Beavers batting - Pitching for St. Louis Browns : RHP Bob Cunningham | Batting: RHB Alberto Hernández | 0-0: Called Strike 0-1: Ball 1-1: Called Strike 1-2: Foul Ball, location: 2F 1-2: Fly out, F6 (Popup, 6D) | Pitching: RHP Martín Ortíz | | Batting: LHB César Valentín | 0-0: Ball 1-0: Ball 2-0: Ground out U3 (Groundball, 3L) | Batting: RHB Alden Isenhood | 0-0: DOUBLE (Popup, 6MD) | Batting: SHB Alonso Ferreira | 0-0: Ball 1-0: Ball 2-0: Called Strike 2-1: Swinging Strike 2-2: Ground out 4-3 (Groundball, 4) | Bottom of the 12th over - 0 runs, 1 hit, 0 errors, 1 left on base; St. Louis 2 - Baffin Island 2 | TOP OF THE 13TH |
---|
St. Louis Browns batting - Pitching for Baffin Island Beavers : RHP Beau Brown | Pitching: RHP Colm Stewart | | Batting: LHB Junior Coates | 0-0: Called Strike 0-1: Ball 1-1: Ball 2-1: Ball 3-1: Foul Ball, location: 2F 3-2: Foul Ball, location: 2F 3-2: Strikes out swinging | Batting: RHB Anthony Rucker | 0-0: Ball 1-0: Ball 2-0: Ball 3-0: Base on Balls | Pinch Runner at 1st Remi Eruzione: | | Batting: RHB Domingo Romero | 0-0: 2-RUN HOME RUN (Flyball, 78XD), Distance : 471 ft | Batting: RHB Javier Martínez | 0-0: Ball 1-0: Foul Ball, location: 2F 1-1: Foul Ball, location: 2F 1-2: Ball 2-2: Ball 3-2: Fly out, F5 (Line Drive, 56) | Batting: LHB Miguel Medellín | 0-0: Ball 1-0: Ball 2-0: Ball 3-0: Called Strike 3-1: Foul Ball, location: 2F 3-2: Base on Balls | Batting: RHB Vicente Valentín | 0-0: Ball Miguel Medellín steals 2nd base 1-0: Called Strike 1-1: Foul Ball, location: 2F 1-2: Ball 2-2: Foul Ball, location: 2F 2-2: Fly out, F7 (Flyball, 7D) | Top of the 13th over - 2 runs, 1 hit, 0 errors, 1 left on base; St. Louis 4 - Baffin Island 2 | BOTTOM OF THE 13TH |
---|
Baffin Island Beavers batting - Pitching for St. Louis Browns : RHP Martín Ortíz | Now in CF: Remi Eruzione | | Batting: RHB Dave Craig | 0-0: Ball 1-0: Called Strike 1-1: Called Strike 1-2: Foul Ball, location: 2F 1-2: Ball 2-2: Fly out, F9 (Flyball, 9) | Batting: RHB Tony Morton | 0-0: Called Strike 0-1: Foul Ball, location: 2F 0-2: Ball 1-2: Ball 2-2: Foul Ball, location: 2F 2-2: Ground out 5-3 (Groundball, 56S) | Batting: LHB Howard Evans | 0-0: Ball 1-0: Ball 2-0: Called Strike 2-1: Foul Ball, location: 2F 2-2: Reached on error, E3 (Groundball, 3L) | Batting: LHB Lorenzo Villa | 0-0: Fly out, F9 (Flyball, 9LMF) | Bottom of the 13th over - 0 runs, 0 hits, 1 error, 1 left on base; St. Louis 4 - Baffin Island 2 | |